 Dungeon Crawl Stone Soup version 0.29.1-15-g9cfb28693d (console) character file.

Game seed: 7284198393780297144

678 erker the Shooter (level 7, -3/50 HPs)
             Began as a Formicid Arcane Marksman on Apr 15, 2023.
             Was an Initiate of Cheibriados.
             Slain by a gnoll
             ... wielding a +0 flail
              (10 damage)
             ... on level 4 of the Dungeon.
             The game lasted 00:21:53 (6188 turns).

erker the Shooter (Formicid Arcane Marksman)        Turns: 6188, Time: 00:21:54

Health: -3/50      AC:  3    Str: 15    XL:     7   Next: 91%
Magic:  6/10       EV: 12    Int: 16    God:    Cheibriados [......]
Gold:   235        SH:  0    Dex: 15    Spells: 5/10 levels left

rFire   . . .      SeeInvis +   b - +2 whip (venom)
rCold   . . .      Faith    .   (no shield)
rNeg    . . .      Spirit   .   c - +0 robe
rPois   .          Reflect  .   (helmet unavailable)
rElec   .          Harm     .   (no cloak)
rCorr   .          Rampage  .   f - +0 pair of gloves
Will    .....                   (no boots)
Stlth   +.........              k - amulet of the acrobat
HPRegen 0.16/turn               (no ring)
MPRegen 0.12/turn               (no ring)

@: very slow
A: permanent stasis, dig shafts and tunnels, antennae 3, four strong arms
a: Dig, Shaft Self, Renounce Religion


You were on level 4 of the Dungeon.
You worshipped Cheibriados.
Cheibriados was noncommittal.
You visited 2 branches of the dungeon, and saw 6 of its levels.

You collected 235 gold pieces.

Inventory:

Hand Weapons
 a - a +0 sling of freezing
 b - a +2 whip of venom (weapon)
 l - a +0 mace
 v - a +4 falchion
Armour
 c - a +0 robe (worn)
 f - a +0 pair of gloves (worn)
Jewellery
 i - an amulet of magic regeneration
 j - a ring of poison resistance
 k - an amulet of the acrobat (around neck)
 t - a ring of resist corrosion
Wands
 s - a wand of mindburst (13)
 y - a wand of charming (7)
Scrolls
 e - 4 scrolls of teleportation {unknown}
 n - 4 scrolls of identify {unknown}
 o - a scroll of noise {unknown}
 p - 2 scrolls of poison
 q - a scroll of enchant armour {unknown}
 u - a scroll of amnesia {unknown}
 w - a scroll of blinking {unknown}
Potions
 d - a potion of might
 g - a potion of brilliance {unknown}
 h - a potion of degeneration {unknown}
 m - 4 potions of curing {unknown}
 r - a potion of ambrosia {unknown}
 x - a potion of attraction {unknown}
 z - a potion of resistance {unknown}
 A - a potion of flight {unknown}


   Skills:
 + Level 2.1 Fighting
 * Level 6.5 Ranged Weapons
 - Level 1.7 Dodging
 + Level 2.0 Spellcasting
 + Level 6.3 Hexes


You had 5 spell levels left.
You knew the following spells:

 Your Spells              Type           Power      Damage    Failure   Level
a - Slow                  Hex            88%        N/A       1%          1
f - Cause Fear            Hex            11%        N/A       16%         4

Your spell library contained the following spells:

 Spells                   Type           Power      Damage    Failure   Level
 Inner Flame              Hex/Fire       11%        N/A       17%         3
 Portal Projectile        Hex/Tloc       22%        N/A       17%         3
 Foxfire                  Conj/Fire      4%         2x1d4     21%         1
 Poisonous Vapours        Pois/Air       2%         N/A       30%         2
 Conjure Flame            Conj/Fire      1%         6-21      52%         3
 Corpse Rot               Necr/Pois/Air  1%         N/A       90%         4
 Flame Wave               Conj/Fire      1%         2d4       90%         4


Dungeon Overview and Level Annotations

Branches:
Dungeon (5/15)             Temple (1/1) D:5

Altars:
Ashenzari
Cheibriados
Dithmenos
Elyvilon
Fedhas
Gozag
Hepliaklqana
Kikubaaqudgha
Nemelex Xobeh
Okawaru
Qazlal
Ru
Sif Muna
Trog
Vehumet
Wu Jian
Xom
Yredelemnul
Zin
The Shining One


Innate Abilities, Weirdness & Mutations

You cannot be hasted, slowed, berserked, paralysed or teleported.
You can dig through walls and to a lower floor.
You have a pair of large antennae on your head. (SInv)
Your four strong arms can wield two-handed weapons with a shield.


Message History

You shoot a sling bullet.
The sling bullet closely misses the gnoll.
You shoot a sling bullet.
The sling bullet barely misses the gnoll.
The gnoll shouts!
You shoot a sling bullet. The sling bullet hits the gnoll.
The sling bullet freezes the gnoll.
The gnoll is lightly wounded.
You shoot a sling bullet.
The sling bullet closely misses the gnoll.
The gnoll closely misses you. The gnoll hits you with a +0 spear.
There is a stone staircase leading up, spattered with blood here.
The gnoll hits you with a +0 flail! The gnoll hits you with a +0 spear.
You climb upwards.
There is a stone staircase leading down, spattered with blood here.
Items here: ! ( ))))))) [[.
The gnoll attacks as you move away! The gnoll hits you with a +0 spear.
The gnoll attacks as you move away! The gnoll hits you with a +0 flail!
The gnoll hits you from afar with a +0 spear!
* * * LOW HITPOINT WARNING * * *
Things that are here:
a +0 ring mail; a +0 spear The gnoll attacks as you move away!
The gnoll completely misses you. x2
Casting: Slow (safe; 1% risk of failure)
Confirm with . or Enter, or press ? or * to list all spells.
The spell is quite dangerous to miscast (16% risk of failure)!
Continue anyway?
Casting: Cause Fear (quite dangerous; 16% risk of failure)
Press: ? - help, Dir - look around, f - activate The gnoll looks frightened!
The gnoll resists with some effort.
The gnoll barely misses you.
Your +0 sling of freezing stops glowing.
Your +2 whip of venom begins to drip with poison!
b - a +2 whip of venom (weapon)
The gnoll closely misses you.
You hit the gnoll but do no damage.
The gnoll is poisoned.
The gnoll hits you with a +0 flail!
* * * LOW HITPOINT WARNING * * *
You closely miss the gnoll. The gnoll hits you with a +0 flail!
You die...

.......#
#......####..#.#########
.......# #........<#..#.....#
.......###.......#.#..#...#.#
.........#.......#.#......#.#
.#.....#.####......#..#.#.#.#
.#.....#.#................#.#
.......#.#................#.#
#......#.#.....#.#....#...#.#
######...#.....#@#..#.#.###.#
###.......#g#........#.#
#.......#.#....#...#.##
#.####..#g#.....<.....#
#.....†)[...#..##.....#
#######>...)...###.#..#
#g######..###.#..# ###
#.........# #.####.####


You could see 2 gnolls.

Vanquished Creatures
  An ogre (D:4)
  Blork the orc (D:4)
  A necrophage (D:2)
  A howler monkey (D:5)
  4 hounds
  A jelly (D:4)
  Jessica (D:2)
  3 iguanas
  An orc wizard (D:4)
  Robin (D:4)
  A gnoll (D:4)
  4 adders
  An ufetubus (D:5)
  2 worms
  A dart slug (D:4)
  5 orcs (D:4)
  8 ball pythons
  4 bats
  8 endoplasms
  3 giant cockroaches (D:2)
  11 goblins
  7 hobgoblins
  4 jackals (D:4)
  2 kobolds
  3 quokkas
  A frilled lizard (D:2)
  4 rats
84 creatures vanquished.

Notes
Turn   | Place    | Note
-------+----------+-------------------------------------------
     0 | D:1      | erker the Formicid Arcane Marksman began the quest for the
                  | Orb.
     0 | D:1      | Reached XP level 1. HP: 15/15 MP: 2/2
   367 | D:1      | Reached XP level 2. HP: 21/21 MP: 3/3
   862 | D:2      | Reached XP level 3. HP: 13/26 MP: 4/4
  1199 | D:2      | Found a faded altar of an unknown god.
  1367 | D:2      | Noticed Jessica
  1376 | D:2      | Killed Jessica
  1377 | D:2      | Reached XP level 4. HP: 16/32 MP: 2/5
  1383 | D:2      | Learned a level 4 spell: Cause Fear
  2057 | D:3      | Noticed a necrophage
  2140 | D:2      | You fall into a shaft and drop 2 floors!
  2390 | D:4      | Reached XP level 5. HP: 28/35 MP: 6/6
  2832 | D:4      | Reached skill level 5 in Hexes
  2881 | D:4      | Noticed Robin
  2884 | D:4      | Noticed an ogre
  2931 | D:5      | Entered Level 5 of the Dungeon
  3006 | D:4      | Killed Robin
  3008 | D:5      | Noticed an ice beast
  3195 | D:5      | Reached XP level 6. HP: 30/42 MP: 7/7
  3202 | D:5      | Reached skill level 5 in Ranged Weapons
  3917 | D:4      | Killed an ogre
  4025 | D:4      | Reached XP level 7. HP: 33/48 MP: 8/8
  4207 | D:5      | Found a staircase to the Ecumenical Temple.
  4461 | D:5      | Noticed Blork the orc
  4854 | D:4      | Killed Blork the orc
  5082 | Temple   | Entered the Ecumenical Temple
  5346 | Temple   | Became a worshipper of Cheibriados the Contemplative
  5382 | D:5      | Found a white marble altar of Elyvilon.
  5811 | D:3      | Found a shimmering blue altar of Sif Muna.
  6188 | D:4      | Slain by a gnoll

Illustrated notes

Levels and vault maps discovered:
D:1:      psy_arrival_statuary, layout_basic, serial_bayou_pond_c
D:2:      layout_basic, shapermc_ecumenical_altar_acropolis,
          kennysheep_generic_room_14, uniq_jessica
D:3:      layout_basic, lemuel_blue_sif_altar
D:4:      layout_basic, uniq_robin
D:5:      layout_cave_pools, elyvilon_altar_5, kennysheep_mini,
          minmay_temple_entry_mini_moons, dk_rats_in_the_wall,
          uniq_blork_the_orc
Temple:   mainiacjoe_temple_bowtie_tessellation

Skill      XL: |  1  2  3  4  5  6  7 |
---------------+----------------------+-----
Hexes          | 4 5 6 |  6.3
Ranged Weapons | 3 4 5 6 |  6.5
Fighting       | 2 |  2.1
Spellcasting   | 2 |  2.0
Dodging        | |  1.7

Action                   |  1- 3 |  4- 6 |  7- 9 || total
-------------------------+-------+-------+-------++-------
Melee: Falchion          |       |    45 |       ||    45
       Whip              |       |    14 |    54 ||    68
       Punch             |       |     1 |       ||     1
 Fire: Sling             |    98 |   125 |    44 ||   267
 Cast: Slow              |     8 |    16 |     4 ||    28
       Cause Fear        |       |       |     2 ||     2
 Abil: Shaft Self        |       |     1 |       ||     1
       Dig               |       |     2 |       ||     2
  Use: Potion            |       |     1 |       ||     1
Armor: Robe              |    12 |    29 |    19 ||    60
Dodge: Dodged            |    23 |   103 |    81 ||   207
